 Dungeon Crawl Stone Soup version 0.27.1-4-g1640c2035a (webtiles) character file.

Game seed: 14649115008011350641

732 unlimited1921 the Vexing (level 7, -1/53 HPs)
             Began as a Gnoll Arcane Marksman on Nov 8, 2021.
             Slain by an unseen horror (4 damage)
             ... on level 5 of the Dungeon.
             The game lasted 00:54:23 (8380 turns).

unlimited1921 the Vexing (Gnoll Arcane Marksman)    Turns: 8380, Time: 00:54:23

Health: -1/53      AC:  5    Str: 16    XL:     7   Next: 73%
Magic:  12/12      EV: 14    Int: 13    God:
Gold:   340        SH:  0    Dex: 13    Spells: 4/13 levels left

rFire    + . .     SeeInvis .   a - +0 hand crossbow
rCold    . . .     Faith    .   (no shield)
rNeg     . . .     Spirit   .   D - +2 robe {Will+}
rPois    .         Reflect  .   u - +0 helmet
rElec    .         Harm     .   (no cloak)
rCorr    .         Rampage  .   (no gloves)
Will     +....                  (no boots)
Stlth    ++........             (no amulet)
HPRegen  0.17/turn              s - +6 ring of strength
MPRegen  0.13/turn              x - ring of protection from fire

@: no status effects
A: fangs 1, strong nose, distributed training
a: no special abilities


You were on level 5 of the Dungeon.
You visited 1 branch of the dungeon, and saw 5 of its levels.

You collected 340 gold pieces.

Inventory:

Hand Weapons
 a - a +0 hand crossbow (weapon)
 b - a +0 short sword
 k - a +0 falchion
 z - a +0 flail of holy wrath
 C - a +0 whip of freezing
Missiles
 c - 32 bolts (quivered ammo)
 e - 75 stones
 o - 42 arrows
 y - 6 boomerangs (quivered)
 A - 2 poisoned darts
 G - 5 javelins
Armour
 d - a +0 robe
 f - a +0 leather armour
 i - a +0 plate armour
 l - a +0 ring mail
 m - a +0 chain mail
 u - a +0 helmet (worn)
 D - a +2 robe of willpower (worn)
 F - a +0 chain mail
Jewellery
 s - a +6 ring of strength (left hand)
 x - a ring of protection from fire (right hand)
Scrolls
 j - a scroll of magic mapping {unknown}
 p - a scroll of vulnerability {unknown}
 q - a scroll of teleportation {unknown}
 r - 3 scrolls of fog {unknown}
 t - 4 scrolls of identify {unknown}
 v - a scroll of immolation {unknown}
 w - a scroll of amnesia {unknown}
Potions
 g - 2 potions of curing
 h - a potion of might {unknown}
 n - a potion of heal wounds {unknown}
 B - a potion of brilliance {unknown}
 E - a potion of resistance {unknown}


   Skills:
 + Level 3.7 Fighting
 + Level 2.6 Short Blades
 + Level 2.6 Long Blades
 + Level 2.6 Axes
 + Level 2.6 Maces & Flails
 + Level 2.6 Polearms
 + Level 2.6 Staves
 + Level 2.6 Slings
 + Level 2.6 Bows
 + Level 5.3 Crossbows
 + Level 2.6 Throwing
 + Level 2.6 Armour
 + Level 5.3 Dodging
 + Level 2.6 Stealth
 + Level 2.6 Shields
 + Level 2.6 Unarmed Combat
 + Level 3.9 Spellcasting
 + Level 2.1 Conjurations
 + Level 5.9 Hexes
 + Level 2.1 Summonings
 + Level 2.1 Necromancy
 + Level 2.1 Translocations
 + Level 2.1 Transmutations
 + Level 2.1 Fire Magic
 + Level 2.1 Ice Magic
 + Level 2.1 Air Magic
 + Level 2.1 Earth Magic
 + Level 2.1 Poison Magic
 + Level 3.0 Invocations
 + Level 2.6 Evocations


You had 4 spell levels left.
You knew the following spells:

 Your Spells              Type           Power      Damage    Failure   Level
a - Corona                Hex            18%        N/A       1%          1
b - Slow                  Hex            17%        N/A       2%          2
c - Inner Flame           Hex/Fire       13%        N/A       12%         3
d - Portal Projectile     Hex/Tloc       26%        N/A       12%         3

Your spell library contained the following spells:

 Spells                   Type           Power      Damage    Failure   Level
 Summon Guardian Golem    Hex/Summ       13%        N/A       12%         3
 Cause Fear               Hex            8%         N/A       19%         4
 Orb of Destruction       Conj           4%         9d2       100%        7
 Spellforged Servitor     Conj/Summ      4%         N/A       100%        7


Dungeon Overview and Level Annotations

Branches:
Dungeon (5/15)
 Temple: D:4-7

Altars:
Okawaru


Innate Abilities, Weirdness & Mutations

You have very sharp teeth.
Your uncanny sense of smell can sniff out nearby items.
Your experience applies equally to all skills.


Message History

5 javelins; a +0 dagger
G - 5 javelins
t - 4 scrolls labelled DIMUKK RAARYPN (gained 1)
You open the door.
There is an open door here.
Found 18 gold pieces.
Something hits you.
Deactivating autopickup; reactivate with Ctrl-A.
Something hits you! Something barely misses you. Something hits you.
You miss something.
Something hits you but does no damage. x2
Something hits you. Something hits you! Something barely misses you.
Something hits you! Something hits you. Something hits you!
* * * LOW HITPOINT WARNING * * *
Something hits you but does no damage.
You see here a +0 chain mail.
Something hits you.
* * * LOW HITPOINT WARNING * * *
Something hits you but does no damage. Something hits you.
* * * LOW HITPOINT WARNING * * *
It was a potion of curing.
You feel better. Something hits you.
* * * LOW HITPOINT WARNING * * *
You feel better. Something hits you!
* * * LOW HITPOINT WARNING * * *
Something hits you but does no damage.
You clumsily bash something but do no damage.
Something hits you but does no damage. Something hits you but does no damage.
You see here a +0 robe.
Something hits you.
* * * LOW HITPOINT WARNING * * *
You miss something. Something hits you.
* * * LOW HITPOINT WARNING * * *
Something hits you.
You die...

#.#...........#
#[#....<......#
#.##..........####
###.##..........#...
#...#############.##
#...# #.# #...# #.#
###{# #####.#. #@#
#.....#.
#.#########.######
###### #.............#
#....# ###########.#.#
#....# ######...#.#
#....# #........#.#
#....### #........#.#
#....'.####........#.#
#....#.............#.#


There were no monsters in sight!

Vanquished Creatures
  Pikel (D:4)
  3 lemures
  A centaur zombie (D:5)
  2 hounds (D:4)
  A jelly (D:4)
  An orc wizard (D:5)
  A scorpion zombie (D:5)
  Robin (D:4)
  A gnoll (D:1)
  3 adders
  2 worms
  3 dart slugs
  3 orcs
  6 ball pythons
  5 endoplasms
  4 giant cockroaches
  4 hobgoblins
  2 quokkas
  10 bats
  5 frilled lizards
  17 goblins
  4 kobolds
  9 rats
89 creatures vanquished.

Vanquished Creatures (others)
  5 plants (D:1)
5 creatures vanquished.

Grand Total: 94 creatures vanquished

Notes
Turn   | Place    | Note
-------+----------+-------------------------------------------
     0 | D:1      | unlimited1921 the Gnoll Arcane Marksman began the quest for
                  | the Orb.
     0 | D:1      | Reached XP level 1. HP: 17/17 MP: 4/4
   183 | D:1      | You fall into a shaft and drop 1 floor!
   779 | D:2      | Reached XP level 2. HP: 23/23 MP: 3/5
  1148 | D:1      | Reached XP level 3. HP: 28/28 MP: 5/7
  1821 | D:1      | Reached skill level 1 in Invocations
  3345 | D:1      | Reached skill level 1 in Short Blades
  3345 | D:1      | Reached skill level 1 in Long Blades
  3345 | D:1      | Reached skill level 1 in Axes
  3345 | D:1      | Reached skill level 1 in Maces & Flails
  3345 | D:1      | Reached skill level 1 in Polearms
  3345 | D:1      | Reached skill level 1 in Staves
  3345 | D:1      | Reached skill level 1 in Slings
  3345 | D:1      | Reached skill level 1 in Bows
  3345 | D:1      | Reached skill level 1 in Throwing
  3345 | D:1      | Reached skill level 1 in Armour
  3345 | D:1      | Reached skill level 1 in Stealth
  3345 | D:1      | Reached skill level 1 in Shields
  3345 | D:1      | Reached skill level 1 in Unarmed Combat
  3345 | D:1      | Reached skill level 1 in Evocations
  3481 | D:3      | Reached XP level 4. HP: 34/34 MP: 3/8
  3981 | D:3      | Found an iron altar of Okawaru.
  4435 | D:3      | Learned a level 2 spell: Slow
  4440 | D:3      | Learned a level 3 spell: Inner Flame
  4444 | D:3      | Learned a level 3 spell: Portal Projectile
  4460 | D:4      | Reached skill level 1 in Conjurations
  4460 | D:4      | Reached skill level 1 in Summonings
  4460 | D:4      | Reached skill level 1 in Necromancy
  4460 | D:4      | Reached skill level 1 in Translocations
  4460 | D:4      | Reached skill level 1 in Transmutations
  4460 | D:4      | Reached skill level 1 in Fire Magic
  4460 | D:4      | Reached skill level 1 in Ice Magic
  4460 | D:4      | Reached skill level 1 in Air Magic
  4460 | D:4      | Reached skill level 1 in Earth Magic
  4460 | D:4      | Reached skill level 1 in Poison Magic
  4669 | D:4      | Reached XP level 5. HP: 40/40 MP: 6/9
  4941 | D:4      | Noticed a lemure
  4943 | D:4      | Noticed Pikel
  4944 | D:4      | Noticed a lemure
  4946 | D:4      | Noticed a lemure
  4946 | D:4      | Noticed a lemure
  5456 | D:4      | Killed a lemure
  5947 | D:3      | Killed a lemure
  6439 | D:4      | Killed a lemure
  6489 | D:4      | Killed Pikel
  6490 | D:4      | Reached skill level 5 in Crossbows
  6490 | D:4      | Reached skill level 5 in Dodging
  6490 | D:4      | Reached XP level 6. HP: 27/47 MP: 3/11
  6490 | D:4      | Reached XP level 7. HP: 30/52 MP: 3/12
  6657 | D:4      | Noticed Robin
  7245 | D:4      | Killed Robin
  8042 | D:5      | Entered Level 5 of the Dungeon
  8372 | D:5      | HP: 2/53 [something (4)]
  8380 | D:5      | Slain by an unseen horror

Illustrated notes

Levels and vault maps discovered:
D:1:      lightli_arrival_farm, layout_loops_ring, serial_forest,
          infiniplex_forest_clump_long, infiniplex_forest_straight_5,
          infiniplex_forest_lined_2, infiniplex_forest_lined_2,
          infiniplex_forest_straight_2, infiniplex_forest_side_room,
          infiniplex_forest_clump_small, minivault_11
D:2:      layout_basic
D:3:      layout_rooms, amcnicky_altar_gilded
D:4:      layout_cave_pools, gup_sewer_entry_bubbles, uniq_robin, uniq_pikel
D:5:      layout_basic

Skill      XL: |  1  2  3  4  5  6  7 |
---------------+----------------------+-----
Invocations    | 1 2 3 |  3.0
Short Blades   | 1 2 |  2.6
Long Blades    | 1 2 |  2.6
Axes           | 1 2 |  2.6
Maces & Flails | 1 2 |  2.6
Polearms       | 1 2 |  2.6
Staves         | 1 2 |  2.6
Slings         | 1 2 |  2.6
Bows           | 1 2 |  2.6
Throwing       | 1 2 |  2.6
Armour         | 1 2 |  2.6
Stealth        | 1 2 |  2.6
Shields        | 1 2 |  2.6
Unarmed Combat | 1 2 |  2.6
Evocations     | 1 2 |  2.6
Spellcasting   | 3 |  3.9
Conjurations   | 1 2 |  2.1
Summonings     | 1 2 |  2.1
Necromancy     | 1 2 |  2.1
Translocations | 1 2 |  2.1
Transmutations | 1 2 |  2.1
Fire Magic     | 1 2 |  2.1
Ice Magic      | 1 2 |  2.1
Air Magic      | 1 2 |  2.1
Earth Magic    | 1 2 |  2.1
Poison Magic   | 1 2 |  2.1
Fighting       | 3 |  3.7
Crossbows      | 5 |  5.3
Dodging        | 5 |  5.3
Hexes          | |  5.9

Action                   |  1- 3 |  4- 6 |  7- 9 || total
-------------------------+-------+-------+-------++-------
Melee: Falchion          |    69 |    34 |    27 ||   130
       Bite              |     5 |     6 |     5 ||    16
       Punch             |     1 |     1 |       ||     2
       Hand crossbow     |       |       |     3 ||     3
 Fire: Hand crossbow     |    36 |    57 |    30 ||   123
Throw: Dart              |       |     6 |       ||     6
       Stone             |       |     2 |       ||     2
       Boomerang         |       |       |     2 ||     2
 Cast: Corona            |    51 |    34 |    20 ||   105
       Slow              |       |     7 |     5 ||    12
       Inner Flame       |       |     1 |     5 ||     6
       Portal Projectile |       |     1 |       ||     1
  Use: Potion            |       |       |     2 ||     2
Armor: Leather armour    |    31 |     8 |     9 ||    48
       Robe              |       |       |     8 ||     8
Dodge: Dodged            |    67 |    61 |    34 ||   162
       Rpst.: Falchion   |    15 |     5 |     6 ||    26
